 Dungeon Crawl Stone Soup version 0.18-a0-750-g37044d6 (webtiles) character file.

210 JokEr the Slasher (level 5, 0/39 HPs)
             Began as a High Elf Fighter on Dec 12, 2015.
             Killed by divine providence
             ... invoked by an orc priest
              (13 damage)
             ... on level 4 of the Dungeon.
             The game lasted 00:07:30 (2637 turns).

JokEr the Slasher (High Elf Fighter)                Turns: 2637, Time: 00:07:30

Health: 0/39       AC:  9    Str: 16    XL:     5   Next: 56%
Magic:  6/6        EV:  7    Int: 12    God:
Gold:   122        SH:  8    Dex: 14    Spells: 0 memorised, 4 levels left

rFire  . . .     SeeInvis .     a - +1 long sword
rCold  . . .     Clarity  .     l - +4 ring mail
rNeg   . . .     SustAt   .     c - +0 shield
rPois  .         Gourm    .     (no helmet)
rElec  .         Spirit   .     (no cloak)
rCorr  .         Dismiss  .     (no gloves)
rMut   .         Stasis   .     (no boots)
MR     .....                    (no amulet)
Stlth  +.........               (no ring)
                                (no ring)

@: not resistant to hostile enchantments, very unstealthy
A: no striking features
a: no special abilities


You were on level 4 of the Dungeon.
You were not hungry.

You visited 1 branch of the dungeon, and saw 4 of its levels.

You collected 122 gold pieces.

Inventory:

Hand Weapons
 a - a +1 long sword (weapon)
Armour
 c - a +0 shield (worn)
 l - a +4 ring mail (worn)
Scrolls
 e - a scroll of teleportation
 h - 2 scrolls of enchant weapon
 p - a scroll of recharging
 r - 3 scrolls of identify
Potions
 b - a potion of haste {unknown}
 d - 2 potions of might
 f - a potion of flight {unknown}
 g - 3 potions of curing
 j - a potion of heal wounds {unknown}
 m - a potion of resistance {unknown}
 o - a potion of poison {unknown}
Books
 q - a book of the Warp

   Spells                             Type                      Level
   a - Recall                         Summoning/Translocation      3
   b - Gell's Gravitas                Hexes/Translocation          3
   c - Force Lance                    Conjuration/Translocation    4
   d - Phase Shift                    Translocation                5
   e - Warp Weapon                    Charms/Translocation         5
   f - Summon Forest                  Summoning/Translocation      5
Comestibles
 i - 5 meat rations
 k - 3 fruits
 n - 2 bread rations


   Skills:
 + Level 5.0 Fighting
 + Level 5.1 Long Blades
 - Level 2.7 Armour
 - Level 2.6 Shields


You had 4 spell levels left.
You didn't know any spells.

Dungeon Overview and Level Annotations

Branches:
Dungeon (4/15)
 Temple: D:4-7

Altars:
Gozag
Pakellas
Yredelemnul
Zin


Message History

The orc is heavily wounded.
You block the orc's attack.
You hit the orc.
You kill the orc!
You hit the orc but do no damage.
The orc is severely wounded.
You block the orc's attack.
You slash the orc!
You kill the orc!
The orc priest mumbles some strange prayers to Beogh against you.
Something smites you! You block the orc priest's attack.
Items here: )) [ †† a dagger; a chain mail; a flail; an orc corpse; an orc corpse You barely miss the orc priest.
The orc priest mumbles some strange prayers to Beogh against you.
Something smites you!
The orc priest calls down the wrath of Beogh upon you.
Something smites you!
You die...

###+..⌠≈
#......≈≈
#.......
+......
##+###.....
..........#
..........+
.........<#
.........@#
##########oo..#
o...# ....#
....# ....#
#####


You could see an orc priest and 2 orcs.

Vanquished Creatures
  An iguana (D:3)
  4 gnolls
  6 adders
  2 oozes
  3 worms (D:3)
  A giant gecko (D:2)
  4 orcs
  2 ball pythons
  6 bats
  4 giant cockroaches
  11 goblins
  8 hobgoblins
  3 jackals (D:1)
  9 kobolds
  A quokka (D:3)
  2 giant newts
  8 rats
75 creatures vanquished.

Notes
Turn   | Place    | Note
--------------------------------------------------------------
     0 | D:1      | JokEr the High Elf Fighter began the quest for the Orb.
     0 | D:1      | Reached XP level 1. HP: 16/16 MP: 2/2
   161 | D:1      | Reached XP level 2. HP: 14/21 MP: 3/3
   682 | D:1      | Reached XP level 3. HP: 26/26 MP: 4/4
  1380 | D:2      | Reached skill level 4 in Long Blades
  1462 | D:2      | Reached XP level 4. HP: 29/33 MP: 5/5
  1857 | D:3      | Reached XP level 5. HP: 38/38 MP: 6/6
  1915 | D:3      | Found an opulent altar of Gozag.
  1918 | D:3      | Found a glowing silver altar of Zin.
  2131 | D:3      | Found an oddly glowing altar of Pakellas.
  2160 | D:3      | Found a basalt altar of Yredelemnul.
  2228 | D:3      | Found a faded altar to an unknown god.
  2389 | D:3      | Reached skill level 5 in Long Blades
  2543 | D:3      | Reached skill level 5 in Fighting
  2637 | D:4      | Killed from afar by an orc priest

Vault maps used:
D:1:      saegor_arrival_simple_e
D:2:      lemuel_upstairs_altar
D:3:      grunt_temple_overflow_gold_and_silver, lemuel_doored_altar,
          ecumenical_altar_2, grunt_pakellas_sulfur
D:4:      first_bread, serial_park_tiny_pond

Action                   |  1- 3 |  4- 6 || total
-------------------------+-------+-------++-------
Melee: Long sword        |   144 |   102 ||   246
  Use: Scroll            |     3 |     3 ||     6
  Eat: Bread ration      |     1 |       ||     1
       Meat ration       |       |     1 ||     1
